 Dungeon Sprint DCSS version 0.27-a0-550-ge92ec0ca06 (webtiles) character file.

Game seed: 16773096438340822941

3558 sahdkjhfkaj the Executioner (level 10, -3/77 HPs)
             Began as a Hill Orc Berserker on Mar 7, 2021.
             Was a High Priest of Trog.
             Slain by a wandering mushroom (11 damage)
             ... in the Dungeon (Sprint III: "The Ten Rune Challenge").
             The game lasted 00:02:15 (2028 turns).

sahdkjhfkaj the Executioner (Hill Orc Berserker)    Turns: 2028, Time: 00:02:16

Health: -3/77      AC:  3    Str: 24    XL:     10   Next: 9%
Magic:  10/10      EV: 11    Int:  7    God:    Trog [*****.]
Gold:   44         SH:  0    Dex: 10    Spells: 9/9 levels left

rFire    . . .     SeeInvis .   a - +3 broad axe
rCold    . . .     Faith    .   (no shield)
rNeg     . . .     Spirit   .   p - +0 leather armour
rPois    .         Reflect  .   (no helmet)
rElec    .         Harm     .   (no cloak)
rCorr    .         Rampage  .   (no gloves)
Will     .....     NoTele   +   (no boots)
Stlth    +.........             (no amulet)
HPRegen  0.22/turn              (no ring)
MPRegen  0.12/turn              (no ring)

@: no status effects
A: no striking features
a: Renounce Religion, Berserk, Trog's Hand, Brothers in Arms


You were in the Dungeon.
You worshipped Trog.
Trog was extremely pleased with you.
You visited 1 branch You collected 44 gold pieces.

Inventory:

Hand Weapons
 a - a +3 broad axe (weapon)
Armour
 p - a +0 leather armour (worn)
Scrolls
 h - a scroll of blinking
 j - a scroll of immolation
 m - a scroll of holy word
Potions
 c - a potion of curing
 d - 3 potions of heal wounds
 e - a potion of haste
 f - 2 potions of magic
 g - a potion of berserk rage
 i - 3 potions of mutation
 l - a potion of brilliance {unknown}
 n - a potion of flight
 o - a potion of might
Miscellaneous
 b - a box of beasts


   Skills:
 - Level 3.6 Fighting
 + Level 25.5 Axes
 - Level 2.1 Armour
 - Level 1.5 Dodging


You had 9 spell levels left.
You didn't know any spells.
Your spell library was empty.

Dungeon Overview and Level Annotations

Branches:
Dungeon (1/1)

Altars:
Cheibriados
Dithmenos
Elyvilon
Fedhas
Gozag
Hepliaklqana
Kikubaaqudgha
Makhleb
Nemelex Xobeh
Okawaru
Qazlal
Ru
Sif Muna
Trog
Uskayaw
Vehumet
Wu Jian
Xom
Yredelemnul
Zin
The Shining One
Beogh
Jiyva
Lugonu


Message History

The wandering mushroom closely misses you.
You slash the wandering mushroom!
The wandering mushroom is heavily damaged.
The wandering mushroom closely misses you.
You slice the wandering mushroom!!
The wandering mushroom is almost destroyed.
You slash the wandering mushroom!
You destroy the wandering mushroom!
Trog accepts your kill.
The wandering mushroom releases spores at you!
You are engulfed in a cloud of spores!
You are confused.
You slash the wandering mushroom!
The wandering mushroom is moderately damaged.
The wandering mushroom barely misses you.
You nearly stumble into some deep water!
The wandering mushroom releases spores at you!
You are engulfed in a cloud of spores!
You bump into the unnaturally hard rock wall.
The wandering mushroom releases spores at you but does no damage.
You slice the wandering mushroom!!
The wandering mushroom is almost destroyed.
The wandering mushroom releases spores at you!
You are engulfed in a cloud of spores!
You nearly stumble into some deep water!
You feel less confused.
The wandering mushroom releases spores at you!
You are engulfed in a cloud of spores!
You hit the wandering mushroom.
The wandering mushroom is almost destroyed.
You slice the wandering mushroom!!
You destroy the wandering mushroom!
Trog accepts your kill.
The wandering mushroom releases spores at you!
* * * LOW HITPOINT WARNING * * *
You are engulfed in a cloud of spores!
You slice the wandering mushroom!!
The wandering mushroom is severely damaged.
The wandering mushroom releases spores at you!
You die...

...'.⌠........# ...#...######'#
...#.⌠.#__#...#+#################
...#...#__#...#§.§§§'.#.')..'.#.#
...#'###__#...#§#§≈§#.#.#)..##.#.
...#)).#__#...'.#§§.#.#.#...#.#.#
...#___#__'...#.#§§§#...#...##.#.
▓▓▓▓▓▓▓▓▓▓▓▓▓▓▓▓▓▓▓▓▓▓▓▓▓▓▓▓#.#.#
♣≈≈≈.f@.....≈≈≈...##.#.
+♣≈≈≈≈≈≈≈≈≈≈≈≈♣♣P.'.#.#
♣♣♣♣♣♣♣♣♣♣♣♣♣♣♣PP##.#. ♣♣♣##+##


You could see a wandering mushroom.

Vanquished Creatures
  Josephine (D)
  A centaur warrior (D)
  An unseen horror (D)
  A deep elf pyromancer (D)
  A shadow (D)
  2 wandering mushrooms (D)
  A spatial vortex (D)
  A necrophage (D)
  2 centaurs (D)
  An earth elemental (D)
  A water elemental (D)
  A jelly (D)
  A wizard (D)
  A necromancer (D)
  3 humans (D)
  A kobold demonologist (D)
  An ooze (D)
  A phantom (D)
  3 rats (D)
25 creatures vanquished.

Notes
Turn   | Place    | Note
-------+----------+-------------------------------------------
     0 | D        | sahdkjhfkaj the Hill Orc Berserker began the quest for the
                  | Orb.
     0 | D        | Reached XP level 1. HP: 19/19 MP: 1/1
    29 | D        | Reached skill level 6 in Axes
   112 | D        | Reached ** piety under Trog
   125 | D        | Reached XP level 2. HP: 26/26 MP: 2/2
   137 | D        | Reached skill level 7 in Axes
   145 | D        | Reached skill level 8 in Axes
   145 | D        | Reached XP level 3. HP: 14/31 MP: 3/3
   344 | D        | Noticed a water elemental
   350 | D        | Killed a water elemental
   350 | D        | Reached *** piety under Trog
   351 | D        | Reached skill level 11 in Axes
   351 | D        | Reached XP level 4. HP: 15/39 MP: 4/4
   566 | D        | Found a radiant altar of Vehumet.
   567 | D        | Found a shimmering blue altar of Sif Muna.
   567 | D        | Found an ancient bone altar of Kikubaaqudgha.
   567 | D        | Noticed a wizard
   573 | D        | Killed a wizard
   574 | D        | Reached skill level 12 in Axes
   577 | D        | Reached XP level 5. HP: 45/45 MP: 5/5
   620 | D        | Found a glowing silver altar of Zin.
   621 | D        | Found a glowing golden altar of the Shining One.
   621 | D        | Found a white marble altar of Elyvilon.
   621 | D        | Noticed a deep elf pyromancer
   623 | D        | Noticed a fire elemental
   623 | D        | Noticed a fire elemental
   627 | D        | Killed a deep elf pyromancer
   627 | D        | Reached **** piety under Trog
   628 | D        | Reached skill level 18 in Axes
   628 | D        | Reached XP level 6. HP: 41/51 MP: 6/6
   628 | D        | Reached XP level 7. HP: 46/57 MP: 7/7
   727 | D        | Found a hide-covered altar of Uskayaw.
   727 | D        | Found a roughly hewn altar of Beogh.
   727 | D        | Found an iron altar of Okawaru.
   727 | D        | Found a bloodstained altar of Trog.
   727 | D        | Found an ornate altar of the Wu Jian Council.
   727 | D        | Noticed a human
   727 | D        | Noticed a human
   738 | D        | Killed a human
   739 | D        | Reached skill level 19 in Axes
   742 | D        | Killed a human
   898 | D        | Found a basalt altar of Yredelemnul.
   898 | D        | Found a shadowy altar of Dithmenos.
   898 | D        | Found a sacrificial altar of Ru.
   900 | D        | Reached ***** piety under Trog
   906 | D        | Reached skill level 20 in Axes
   906 | D        | Reached XP level 8. HP: 64/64 MP: 8/8
   947 | D        | Noticed a shadow
   955 | D        | Killed a shadow
  1001 | D        | Found a blossoming altar of Fedhas.
  1001 | D        | Found a stormy altar of Qazlal.
  1002 | D        | Found a snail-covered altar of Cheibriados.
  1002 | D        | Found a burning altar of Makhleb.
  1002 | D        | Found a hazy altar of Hepliaklqana.
  1002 | D        | Found a shimmering altar of Xom.
  1002 | D        | Found an opulent altar of Gozag.
  1002 | D        | Found a sparkling altar of Nemelex Xobeh.
  1002 | D        | Found a corrupted altar of Lugonu.
  1002 | D        | Found a viscous altar of Jiyva.
  1012 | D        | Received a gift from Trog
  1013 | D        | Reached skill level 21 in Axes
  1055 | D        | Noticed Josephine
  1064 | D        | Killed Josephine
  1065 | D        | Reached skill level 23 in Axes
  1065 | D        | Reached XP level 9. HP: 70/70 MP: 9/9
  1313 | D        | Noticed a centaur warrior
  1323 | D        | Killed a centaur warrior
  1324 | D        | Reached skill level 24 in Axes
  1837 | D        | Killed an unseen horror
  1838 | D        | Reached skill level 25 in Axes
  1838 | D        | Reached XP level 10. HP: 41/77 MP: 10/10
  2028 | D        | Slain by a wandering mushroom

Illustrated notes

Levels and vault maps discovered:
D:        dungeon_sprint_mu [sprint_mu_entry_cave, sprint_mu_temple_rooms,
          sprint_mu_d1_horrors, sprint_mu_d2_genie, sprint_mu_d3_branching,
          sprint_mu_orc_legion, sprint_mu_elf_gauntlet, sprint_mu_hive_nellie,
          sprint_mu_lair_fedhas, sprint_mu_vaults_butterflies,
          sprint_mu_slime_circle, sprint_mu_swamp_cave, sprint_mu_shoals_kraken,
          sprint_mu_blade_basic, sprint_mu_crypt_chambers,
          sprint_mu_tomb_spiral, sprint_mu_vestibule_basic,
          sprint_mu_gehenna_hellfire, sprint_mu_dis_giant,
          sprint_mu_tartarus_statrot, sprint_mu_cocytus_islands, sprint_mu_zot1]

Skill      XL: |  1  2  3  4  5  6  7  8  9 |
---------------+----------------------------+-----
Axes           | 6 8 11 12 18 20 23 25 | 25.5
Fighting       | |  3.6
Armour         | |  2.1
Dodging        | |  1.5

Action                   |  1- 3 |  4- 6 |  7- 9 | 10-12 || total
-------------------------+-------+-------+-------+-------++-------
Melee: Hand axe          |    31 |    10 |    31 |       ||    72
       Broad axe         |       |       |    32 |    10 ||    42
Invok: Berserk           |     2 |     2 |     5 |       ||     9
       Trog's Hand       |       |     1 |       |       ||     1
  Use: Scroll            |       |       |     4 |       ||     4
 Stab: Sleeping          |     1 |       |       |       ||     1
Armor: Animal skin       |     3 |     2 |     1 |       ||     6
       Leather armour    |       |       |     3 |     1 ||     4
Dodge: Dodged            |    10 |     5 |    14 |     3 ||    32

Table legend: (Time is in decaauts)
 A = Elapsed time spent in this place.
 B = Non-inter-level travel time spent in this place.
 C = Inter-level travel time spent in this place.
 D = Time resting spent in this place.
 E = Time spent auto-exploring this place.
 F = Levels seen in this place.
 G = Mean time per level.
                   A        B        C        D        E       F      G
               +--------+--------+--------+--------+--------+-----+--------+
         Total |   2078 |   2078 |      0 |   1630 |    104 |   1 | 2078.0 |
       Dungeon |   2078 |   2078 |      0 |   1630 |    104 |   1 | 2078.0 |
               +--------+--------+--------+--------+--------+-----+--------+

Top non-repeatable levels by time:
       D: 2078 daAuts
